 Dungeon Crawl Stone Soup version 0.30.1-4-g462c640d31 (webtiles) character file.

Game seed: 5093545617571974250

805 Spearmint the Vexing (level 7, 0/53 HPs)
             Began as a Gnoll Hexslinger on Aug 24, 2023.
             Slain by an ufetubus (3 damage)
             ... on level 6 of the Dungeon.
             The game lasted 01:02:43 (5014 turns).

Spearmint the Vexing (Gnoll Hexslinger)             Turns: 5014, Time: 01:02:44

Health: 0/53       AC:  5    Str:  9    XL:     7   Next: 91%
Magic:  13/13      EV: 15    Int: 18    God:
Gold:   285        SH:  0    Dex: 21    Spells: 3/14 levels left

rFire   . . .        B - +0 shortbow
rCold   . . .        (shield currently unavailable)
rNeg    . . .        d - +0 leather armour
rPois   .            (no helmet)
rElec   .            p - +0 cloak
rCorr   .            (no gloves)
SInv    .            A - +0 pair of boots
Will    .....        (no amulet)
Stlth   ++           h - +6 ring of intelligence
HPRegen 0.28/turn    q - +6 ring of dexterity
MPRegen 0.13/turn

%: no passive effects
@: no status effects
A: fangs 1, strong nose, distributed training
a: no special abilities


You were on level 6 of the Dungeon.
You visited 1 branch of the dungeon, and saw 6 of its levels.

You collected 285 gold pieces.

Inventory:

Hand Weapons
 o - a +0 rapier
 B - a +0 shortbow (weapon)
Missiles
 e - 30 stones
 f - 6 poisoned darts
 v - 11 boomerangs
Armour
 c - a +0 robe
 d - a +0 leather armour (worn)
 p - a +0 cloak (worn)
 A - a +0 pair of boots (worn)
Jewellery
 h - a +6 ring of intelligence (left hand)
 m - a ring of protection from fire
 q - a +6 ring of dexterity (right hand)
 y - a ring of see invisible
 F - a ring of resist corrosion
Wands
 z - a wand of quicksilver (3)
 D - a wand of charming (4)
Scrolls
 a - a scroll of torment {unknown}
 b - a scroll of poison
 i - a scroll of blinking
 k - a scroll of fog
 l - a scroll of noise {unknown}
 n - a scroll of teleportation {unknown}
 r - a scroll of identify
 s - a scroll of summoning {unknown}
 w - a scroll of immolation
 x - a scroll of vulnerability {unknown}
Potions
 g - a potion of cancellation {unknown}
 j - a potion of degeneration {unknown}
 t - a potion of curing {unknown}
 u - a potion of attraction {unknown}
 C - 2 potions of might
 E - a potion of heal wounds {unknown}


   Skills:
 + Level 3.9 Fighting
 + Level 2.9 Short Blades
 + Level 2.9 Long Blades
 + Level 2.9 Axes
 + Level 2.9 Maces & Flails
 + Level 2.9 Polearms
 + Level 2.9 Staves
 + Level 5.4 Ranged Weapons
 + Level 2.9 Throwing
 + Level 2.9 Armour
 + Level 5.4 Dodging
 + Level 2.9 Stealth
 + Level 2.9 Shields
 + Level 2.9 Unarmed Combat
 + Level 4.1 Spellcasting
 + Level 2.3 Conjurations
 + Level 6.0 Hexes
 + Level 2.3 Summonings
 + Level 2.3 Necromancy
 + Level 2.3 Translocations
 + Level 2.3 Transmutations
 + Level 2.3 Fire Magic
 + Level 2.3 Ice Magic
 + Level 2.3 Air Magic
 + Level 2.3 Earth Magic
 + Level 2.3 Poison Magic
 + Level 3.2 Invocations
 + Level 2.9 Evocations


You had 3 spell levels left.
You knew the following spells:

 Your Spells              Type           Power      Damage    Failure   Level
a - Slow                  Hex            100%       N/A       1%          1
b - Portal Projectile     Hex/Tloc       36%        N/A       11%         3
c - Inner Flame           Hex/Fire       18%        N/A       11%         3
d - Cause Fear            Hex            12%        N/A       17%         4

Your spell library contained the following spells:

 Spells                   Type           Power      Damage    Failure   Level
 Static Discharge         Conj/Air       24%        2-3/arc   12%         2
 Sublimation of Blood     Necr           12%        N/A       12%         2
 Petrify                  Tmut/Erth      12%        N/A       58%         4
 Irradiate                Conj/Tmut      6%         3d13      91%         5
 Starburst                Conj/Fire      6%         6d4       100%        6
 Orb of Destruction       Conj           6%         9d6       100%        7


Dungeon Overview and Level Annotations

Branches:
Dungeon (6/15)             Temple (0/1) D:4

Altars:
Cheibriados
Dithmenos
Okawaru
Qazlal
Xom
Yredelemnul
The Shining One

Portals:
Ossuary: D:6

Annotations:
D:3 3 runed translucent doors, ShellytheWitch's ghost, amateur MiBe
D:4 Edmund; Sigmund


Innate Abilities, Weirdness & Mutations

You have very sharp teeth.
Your uncanny sense of smell can sniff out nearby items.
Your experience applies equally to all skills.


Message History

The ufetubus closely misses you. The ufetubus barely misses you.
The ice beast closely misses you. The ufetubus attacks as you move away!
The ufetubus hits you but does no damage.
The ufetubus hits you.
* * * LOW HITPOINT WARNING * * *
The ufetubus misses you. The ufetubus closely misses you.
The ufetubus attacks as you move away! The ufetubus misses you.
The ufetubus hits you.
* * * LOW HITPOINT WARNING * * *
The ufetubus closely misses you. The ufetubus misses you.
An adder comes into view.
There is an open door here.
The ufetubus attacks as you move away! The ufetubus hits you.
* * * LOW HITPOINT WARNING * * *
The ufetubus misses you.
The ufetubus hits you but does no damage. x2
The ufetubus hits you but does no damage.
The ufetubus misses you. The ufetubus hits you.
* * * LOW HITPOINT WARNING * * *
The ufetubus misses you.
There is a stone staircase leading down here.
The ufetubus closely misses you.
The ufetubus hits you but does no damage.
You climb downwards.
You hear the hiss of flowing sand.
There is an entrance to an ossuary on this level.
Hurry and find it before the portal is buried!
You hear the slow hiss of an avalanche of sand.
There is a stone staircase leading up here.
You shoot an arrow. The arrow barely misses the ufetubus.
The ufetubus misses you. The ufetubus barely misses you. The ufetubus hits you.
* * * LOW HITPOINT WARNING * * *
The ufetubus hits you.
* * * LOW HITPOINT WARNING * * *
You shoot an arrow.
The arrow hits the ufetubus but does no damage.
The ufetubus is moderately wounded.
The ufetubus misses you. The ufetubus hits you.
You die...

#.# #####.# #.#
#######.....# #.#
.........h..## #.#
#........##.....# #.#
#.######.####..... #.#
#.#....#.# ...## #.#
###.#..###.# ### #)#
#...#∩.....########
#.###.#.#..###5@.......
#.......#....#.######..
######..######.#
##........#
########........
#########


You could see an ufetubus.

Vanquished Creatures
  A centaur (D:3)
  A scorpion (D:5)
  A water moccasin zombie (D:5)
  A bullfrog zombie (D:5)
  6 hounds
  A sleepcap (D:5)
  Ijyb (D:3)
  Terence (D:2)
  3 iguanas (D:5)
  12 gnolls
  4 adders
  3 worms (D:2)
  2 dart slugs
  3 orcs (D:3)
  4 ball pythons
  5 bats
  8 endoplasms
  5 giant cockroaches
  11 goblins
  10 hobgoblins
  A jackal (D:3)
  2 kobolds
  5 quokkas
  4 frilled lizards
  3 rats
  2 rat zombies (D:6)
100 creatures vanquished.

Notes
Turn   | Place    | Note
-------+----------+-------------------------------------------
     0 | D:1      | Spearmint the Gnoll Hexslinger began the quest for the Orb.
     0 | D:1      | Reached XP level 1. HP: 17/17 MP: 4/4
   141 | D:1      | Reached XP level 2. HP: 20/23 MP: 0/5
   725 | D:1      | Reached XP level 3. HP: 28/28 MP: 5/7
   795 | D:1      | Reached skill level 1 in Invocations
  1159 | D:2      | Noticed Terence
  1428 | D:2      | Reached skill level 1 in Short Blades
  1428 | D:2      | Reached skill level 1 in Long Blades
  1428 | D:2      | Reached skill level 1 in Axes
  1428 | D:2      | Reached skill level 1 in Maces & Flails
  1428 | D:2      | Reached skill level 1 in Polearms
  1428 | D:2      | Reached skill level 1 in Staves
  1428 | D:2      | Reached skill level 1 in Throwing
  1428 | D:2      | Reached skill level 1 in Armour
  1428 | D:2      | Reached skill level 1 in Stealth
  1428 | D:2      | Reached skill level 1 in Shields
  1428 | D:2      | Reached skill level 1 in Unarmed Combat
  1428 | D:2      | Reached skill level 1 in Evocations
  1507 | D:2      | Got the Anthology of Mighty Pyromania
  1766 | D:2      | Reached XP level 4. HP: 34/34 MP: 8/8
  1770 | D:2      | Learned a level 3 spell: Portal Projectile
  1924 | D:2      | Killed Terence
  1925 | D:2      | Reached skill level 1 in Conjurations
  1925 | D:2      | Reached skill level 1 in Summonings
  1925 | D:2      | Reached skill level 1 in Necromancy
  1925 | D:2      | Reached skill level 1 in Translocations
  1925 | D:2      | Reached skill level 1 in Transmutations
  1925 | D:2      | Reached skill level 1 in Fire Magic
  1925 | D:2      | Reached skill level 1 in Ice Magic
  1925 | D:2      | Reached skill level 1 in Air Magic
  1925 | D:2      | Reached skill level 1 in Earth Magic
  1925 | D:2      | Reached skill level 1 in Poison Magic
  2095 | D:3      | Found a runed translucent gate.
  2096 | D:3      | Found a runed translucent gate.
  2097 | D:3      | Found a runed translucent gate.
  2098 | D:3      | Noticed ShellytheWitch's ghost (amateur MiBe)
  2171 | D:3      | Reached XP level 5. HP: 31/40 MP: 9/9
  2205 | D:3      | Found a shadowy altar of Dithmenos.
  2293 | D:3      | Found a stormy altar of Qazlal.
  2294 | D:3      | Found an iron altar of Okawaru.
  2501 | D:3      | Noticed Ijyb
  2517 | D:3      | Killed Ijyb
  2632 | D:3      | Found a faded altar of an unknown god.
  2646 | D:3      | Reached XP level 6. HP: 23/47 MP: 11/11
  2779 | D:3      | Found a glowing golden altar of the Shining One.
  2912 | D:3      | Reached skill level 5 in Ranged Weapons
  2912 | D:3      | Reached skill level 5 in Dodging
  3206 | D:4      | Noticed Edmund
  3224 | D:4      | Found a snail-covered altar of Cheibriados.
  3392 | D:4      | Learned a level 3 spell: Inner Flame
  3397 | D:4      | Learned a level 4 spell: Cause Fear
  3544 | D:4      | Found a staircase to the Ecumenical Temple.
  3859 | D:4      | Noticed Sigmund
  3906 | D:4      | Noticed a black bear
  3942 | D:5      | Entered Level 5 of the Dungeon
  4098 | D:5      | Reached XP level 7. HP: 49/52 MP: 12/12
  4558 | D:5      | Found a basalt altar of Yredelemnul.
  4669 | D:5      | Reached skill level 6 in Hexes
  4869 | D:6      | Identified the +4 spear of the Dark Horse {freeze, rElec
                  | Will+}
  4889 | D:6      | Found a sand-covered staircase.
  4950 | D:6      | Found a shimmering altar of Xom.
  5014 | D:6      | Slain by an ufetubus

Illustrated notes

Levels and vault maps discovered:
D:1:      lemuel_arrival_behind_the_door_large, layout_basic
D:2:      layout_rooms, hex_tiny, chequers_serial_rivers_micro_b, minmay_tall_x,
          uniq_terence
D:3:      minmay_chambers_of_threes, layout_rooms,
          mainiacjoe_overflow_divided_tiny, tso_altar,
          nicolae_dithmenos_the_darkroom, shapermc_ecumenical_altar_ellora,
          gammafunk_ghost_split, kennysheep_potato, uniq_ijyb
D:4:      nicolae_cairo_tiling, layout_basic, cheibriados_altar_1,
          minmay_temple_entry_crystal_x, uniq_edmund, uniq_sigmund
D:5:      layout_basic, nicolae_yredelemnul_corpse_copse,
          nicolae_wooded_promenade
D:6:      layout_loops_ring, mainiacjoe_overflow_brackets, enter_ossuary_4

Skill      XL: |  1  2  3  4  5  6  7 |
---------------+----------------------+-----
Invocations    | 1 2 3 |  3.2
Short Blades   | 1 2 |  2.9
Long Blades    | 1 2 |  2.9
Axes           | 1 2 |  2.9
Maces & Flails | 1 2 |  2.9
Polearms       | 1 2 |  2.9
Staves         | 1 2 |  2.9
Throwing       | 1 2 |  2.9
Armour         | 1 2 |  2.9
Stealth        | 1 2 |  2.9
Shields        | 1 2 |  2.9
Unarmed Combat | 1 2 |  2.9
Evocations     | 1 2 |  2.9
Spellcasting   | 3 4 |  4.1
Conjurations   | 1 2 |  2.3
Summonings     | 1 2 |  2.3
Necromancy     | 1 2 |  2.3
Translocations | 1 2 |  2.3
Transmutations | 1 2 |  2.3
Fire Magic     | 1 2 |  2.3
Ice Magic      | 1 2 |  2.3
Air Magic      | 1 2 |  2.3
Earth Magic    | 1 2 |  2.3
Poison Magic   | 1 2 |  2.3
Fighting       | 3 |  3.9
Ranged Weapons | 5 |  5.4
Dodging        | 5 |  5.4
Hexes          | 6 |  6.0

Action                     |  1- 3 |  4- 6 |  7- 9 || total
---------------------------+-------+-------+-------++-------
   Fire: Sling             |   121 |   172 |       ||   293
         Shortbow          |       |    37 |    94 ||   131
   Cast: Slow              |    12 |     5 |     1 ||    18
    Use: Scroll            |       |     5 |       ||     5
 Armour: Leather armour    |    10 |    18 |    42 ||    70
  Dodge: Dodged            |    43 |   109 |   138 ||   290
